 Dungeon Crawl Stone Soup version 0.28.0-49-g6dfe1f597d (webtiles) character file.

Game seed: 7671555977604760855

124 0gre the Chiller (level 5, -2/37 HPs)
             Began as a Gnoll Ice Elementalist on May 15, 2022.
             Killed by divine providence
             ... invoked by an orc priest
              (8 damage)
             ... on level 2 of the Dungeon.
             The game lasted 00:06:12 (1228 turns).

0gre the Chiller (Gnoll Ice Elementalist)           Turns: 1228, Time: 00:06:12

Health: -2/37      AC:  2    Str:  7    XL:     5   Next: 8%
Magic:  6/12       EV: 13    Int: 16    God:
Gold:   50         SH:  0    Dex: 13    Spells: 10/14 levels left

rFire   . . .      SeeInvis .   a - +0 short sword
rCold   . . .      Faith    .   (no shield)
rNeg    . . .      Spirit   .   b - +0 robe
rPois   .          Reflect  .   (no helmet)
rElec   .          Harm     .   (no cloak)
rCorr   .          Rampage  .   (no gloves)
Will    .....                   (no boots)
Stlth   +++.......              (no amulet)
HPRegen 0.12/turn               (no ring)
MPRegen 0.13/turn               (no ring)

@: freezing walls, slowed, very slow
A: fangs 1, strong nose, distributed training
a: no special abilities


You were on level 2 of the Dungeon.
You visited 1 branch of the dungeon, and saw 2 of its levels.

You collected 50 gold pieces.

Inventory:

Hand Weapons
 a - a +0 short sword (weapon)
Missiles
 f - 11 stones (quivered)
Armour
 b - a +0 robe (worn)
Scrolls
 c - a scroll of teleportation {unknown}
 d - 2 scrolls of torment {unknown}
 e - a scroll of vulnerability {unknown}
 g - a scroll of amnesia {unknown}
 i - a scroll of magic mapping {unknown}
Potions
 h - a potion of curing {unknown}
 j - a potion of lignification {unknown}


   Skills:
 + Level 1.3 Fighting
 + Level 1.3 Short Blades
 + Level 1.3 Long Blades
 + Level 1.3 Axes
 + Level 1.3 Maces & Flails
 + Level 1.3 Polearms
 + Level 1.3 Staves
 + Level 1.3 Slings
 + Level 1.3 Bows
 + Level 1.3 Crossbows
 + Level 1.3 Throwing
 + Level 1.3 Armour
 + Level 4.7 Dodging
 + Level 4.3 Stealth
 + Level 1.3 Shields
 + Level 1.3 Unarmed Combat
 + Level 5.1 Spellcasting
 + Level 1.1 Conjurations
 + Level 1.1 Hexes
 + Level 1.1 Summonings
 + Level 1.1 Necromancy
 + Level 1.1 Translocations
 + Level 1.1 Transmutations
 + Level 1.1 Fire Magic
 + Level 7.1 Ice Magic
 + Level 1.1 Air Magic
 + Level 1.1 Earth Magic
 + Level 1.1 Poison Magic
 + Level 1.5 Invocations
 + Level 1.3 Evocations


You had 10 spell levels left.
You knew the following spells:

 Your Spells              Type           Power      Damage    Failure   Level
a - Freeze                Ice            100%       1d11      1%          1
b - Frozen Ramparts       Ice            54%        1d7       2%          3

Your spell library contained the following spells:

 Spells                   Type           Power      Damage    Failure   Level
 Ozocubu's Armour         Ice            27%        N/A       2%          3
 Hailstorm                Conj/Ice       17%        3d6       26%         4
 Airstrike                Air            3%         N/A       67%         4
 Summon Lightning Spire   Summ/Air       7%         N/A       67%         4
 Lightning Bolt           Conj/Air       3%         1d15      95%         5


Dungeon Overview and Level Annotations

Branches:
Dungeon (2/15)

Altars:


Innate Abilities, Weirdness & Mutations

You have very sharp teeth.
Your uncanny sense of smell can sniff out nearby items.
Your experience applies equally to all skills.


Message History

The orc priest looks encouraged for a moment.
The wall freezes the orc.
You kill the orc!
Your frozen ramparts will break if you move.
Continue?
Okay, then.
You closely miss the orc.
The wall freezes Natasha.
Natasha stares at you and mumbles some strange words.
You resist with some effort. The orc barely misses you.
The wall freezes Natasha.
You hit Natasha. Your bite misses Natasha.
Natasha is heavily wounded.
The orc hits you with a +0 hand axe.
The wall freezes Natasha.
Natasha misses you. The orc hits you with a +0 hand axe.
The wall freezes Natasha.
You kill Natasha!
You feel Natasha's spirit has finally been put to rest.
You have reached level 5!
Your frozen ramparts will break if you move.
Continue?
The frozen ramparts melt away as you move.
The orc barely misses you. The orc hits you with a +0 flail!
Items here: ) [ ††.
The orc priest looks satisfied for a moment.
The orc priest invokes the aid of Beogh against you.
Beogh smites you! The orc closely misses you.
Casting: Frozen Ramparts (dangerous; 2% risk of failure)
Confirm with . or Enter, or press ? or * to list all spells.
Casting: Frozen Ramparts (dangerous; 2% risk of failure)
Press: ? - help, Dir - look around, f - activate The walls around you are covered in ice.
The orc misses you.
The wall freezes the orc priest.
The wall freezes the orc.
The orc closely misses you. The orc hits you with a +0 whip.
* * * LOW HITPOINT WARNING * * *
The wall freezes the hobgoblin.
The hobgoblin closely misses you. The orc hits you with a +0 flail.
* * * LOW HITPOINT WARNING * * *
You closely miss the orc.
The wall freezes the orc.
The orc closely misses you.
The wall freezes the orc priest.
The orc priest mumbles some strange prayers to Beogh against you.
Beogh smites you!
You die...

######## #......#
###......#
#.......o######
####.......@go...####
#..........oo.......#
#...................###
#.....................#
#...†)..###.........†.#
#.......# #...........#
#.......###...........#
###.......#...........#
#.......##......(...#


You could see an orc priest, 3 orcs and a hobgoblin.

Vanquished Creatures
  Natasha (thrice) (D:2)
  3 dart slugs (D:1)
  An orc (D:2)
  4 endoplasms
  6 goblins
  5 hobgoblins
  2 jackals (D:2)
  3 kobolds (D:1)
  A quokka (D:1)
  3 ball pythons
  5 bats
  2 frilled lizards (D:1)
  A rat (D:1)
39 creatures vanquished.

Notes
Turn   | Place    | Note
-------+----------+-------------------------------------------
     0 | D:1      | 0gre the Gnoll Ice Elementalist began the quest for the
                  | Orb.
     0 | D:1      | Reached XP level 1. HP: 13/13 MP: 6/6
   121 | D:1      | Reached XP level 2. HP: 19/19 MP: 5/7
   370 | D:1      | HP: 1/20 [hobgoblin/+0 club (3)]
   588 | D:1      | Reached XP level 3. HP: 15/25 MP: 7/9
   592 | D:1      | Learned a level 3 spell: Frozen Ramparts
   728 | D:1      | Found a faded altar of an unknown god.
   731 | D:1      | Reached skill level 5 in Spellcasting
   959 | D:1      | Reached skill level 1 in Invocations
  1139 | D:2      | Noticed Natasha
  1146 | D:2      | Killed Natasha
  1147 | D:2      | Reached skill level 1 in Fighting
  1147 | D:2      | Reached skill level 1 in Short Blades
  1147 | D:2      | Reached skill level 1 in Long Blades
  1147 | D:2      | Reached skill level 1 in Axes
  1147 | D:2      | Reached skill level 1 in Maces & Flails
  1147 | D:2      | Reached skill level 1 in Polearms
  1147 | D:2      | Reached skill level 1 in Staves
  1147 | D:2      | Reached skill level 1 in Slings
  1147 | D:2      | Reached skill level 1 in Bows
  1147 | D:2      | Reached skill level 1 in Crossbows
  1147 | D:2      | Reached skill level 1 in Throwing
  1147 | D:2      | Reached skill level 1 in Armour
  1147 | D:2      | Reached skill level 1 in Shields
  1147 | D:2      | Reached skill level 1 in Unarmed Combat
  1147 | D:2      | Reached skill level 1 in Evocations
  1147 | D:2      | Reached XP level 4. HP: 29/32 MP: 7/11
  1165 | D:2      | Noticed Natasha
  1175 | D:2      | Killed Natasha
  1176 | D:2      | Reached skill level 1 in Conjurations
  1176 | D:2      | Reached skill level 1 in Hexes
  1176 | D:2      | Reached skill level 1 in Summonings
  1176 | D:2      | Reached skill level 1 in Necromancy
  1176 | D:2      | Reached skill level 1 in Translocations
  1176 | D:2      | Reached skill level 1 in Transmutations
  1176 | D:2      | Reached skill level 1 in Fire Magic
  1176 | D:2      | Reached skill level 1 in Air Magic
  1176 | D:2      | Reached skill level 1 in Earth Magic
  1176 | D:2      | Reached skill level 1 in Poison Magic
  1215 | D:2      | Noticed Natasha
  1224 | D:2      | Killed Natasha
  1225 | D:2      | Reached XP level 5. HP: 31/37 MP: 8/12
  1228 | D:2      | Killed from afar by an orc priest

Illustrated notes

Levels and vault maps discovered:
D:1:      dpeg_arrival_refuge, layout_rooms, chequers_ecumenical_altar_island,
          minmay_misc_feat_four_crosses, minmay_split_cup_small
D:2:      layout_basic, uniq_crazy_yiuf_cottage, uniq_natasha

Skill      XL: |  1  2  3  4 |
---------------+-------------+-----
Spellcasting   | 5 |  5.1
Invocations    | 1 |  1.5
Fighting       | 1 |  1.3
Short Blades   | 1 |  1.3
Long Blades    | 1 |  1.3
Axes           | 1 |  1.3
Maces & Flails | 1 |  1.3
Polearms       | 1 |  1.3
Staves         | 1 |  1.3
Slings         | 1 |  1.3
Bows           | 1 |  1.3
Crossbows      | 1 |  1.3
Throwing       | 1 |  1.3
Armour         | 1 |  1.3
Shields        | 1 |  1.3
Unarmed Combat | 1 |  1.3
Evocations     | 1 |  1.3
Conjurations   | 1 |  1.1
Hexes          | 1 |  1.1
Summonings     | 1 |  1.1
Necromancy     | 1 |  1.1
Translocations | 1 |  1.1
Transmutations | 1 |  1.1
Fire Magic     | 1 |  1.1
Air Magic      | 1 |  1.1
Earth Magic    | 1 |  1.1
Poison Magic   | 1 |  1.1
Dodging        | |  4.7
Stealth        | |  4.3
Ice Magic      | |  7.1

Action                   |  1- 3 |  4- 6 || total
-------------------------+-------+-------++-------
Melee: Short sword       |    72 |    11 ||    83
       Bite              |     6 |     1 ||     7
Throw: Stone             |     1 |     3 ||     4
 Cast: Freeze            |    22 |     2 ||    24
       Frozen Ramparts   |     2 |     3 ||     5
 Stab: Sleeping          |     3 |       ||     3
Armor: Robe              |    22 |     3 ||    25
Dodge: Dodged            |    50 |    13 ||    63
